 Dungeon Crawl Stone Soup version 0.29-a0-841-g116ddc6ace (webtiles) character file.

Game seed: 10929071361697465419

1069 zishaf the Trooper (level 8, -1/74 HPs)
             Began as a Ghoul Warper on July 14, 2022.
             Was a Follower of Nemelex Xobeh.
             Slain by a killer bee (2 damage)
             ... on level 5 of the Dungeon.
             The game lasted 00:08:53 (5462 turns).

zishaf the Trooper (Ghoul Warper)                   Turns: 5462, Time: 00:08:53

Health: -1/74      AC:  7    Str: 17    XL:     8   Next: 28%
Magic:  10/10      EV: 10    Int: 14    God:    Nemelex Xobeh [*.....]
Gold:   221        SH:  0    Dex:  8    Spells: 8/10 levels left

rFire   . . .      SeeInvis .     - Unarmed
rCold   + + .      Faith    +   (no shield)
rNeg    + + +      Spirit   .   o - +1 ring mail
rPois   ∞          Reflect  .   (no helmet)
rElec   .          Harm     .   (no cloak)
rCorr   .          Rampage  .   (no gloves)
Will    .....                   m - +0 pair of boots
Stlth   ..........              h - amulet of faith
HPRegen 0.00/turn               r - ring of protection from cold
MPRegen 0.12/turn               u - +6 ring of intelligence

@: inhibited regen, invisible
A: claws 1, cold resistance 1, negative energy resistance 3, inhibited
regeneration, torment resistance 2, devour on kill
a: Renounce Religion, Draw Escape, Draw Destruction, Draw Summoning


You were on level 5 of the Dungeon.
You worshipped Nemelex Xobeh.
Nemelex Xobeh was aware of your devotion.
You visited 1 branch of the dungeon, and saw 5 of its levels.

You collected 221 gold pieces.

Inventory:

Missiles
 c - 7 boomerangs of dispersal
 s - 9 poisoned darts
 v - 8 silver javelins
 y - 4 curare-tipped darts (quivered)
Armour
 a - a +0 leather armour
 m - a +0 pair of boots (worn)
 o - a +1 ring mail (worn)
 B - a +0 pair of gloves
Jewellery
 h - an amulet of faith (around neck)
 q - a +6 ring of dexterity
 r - a ring of protection from cold (left claw)
 u - a +6 ring of intelligence (right claw)
Wands
 f - a wand of iceblast (7)
 w - a wand of light (14)
 C - a wand of flame (14)
Scrolls
 b - a scroll of blinking
 i - 3 scrolls of teleportation
 j - a scroll of enchant armour
 l - 4 scrolls of poison
 p - a scroll of torment
Potions
 d - a potion of magic
 e - a potion of flight {unknown}
 g - a potion of might {unknown}
 k - a potion of invisibility
 n - 3 potions of heal wounds {unknown}
 t - a potion of curing {unknown}
 x - a potion of haste
 z - a potion of lignification
 A - a potion of ambrosia {unknown}


   Skills:
 + Level 7.9 Fighting
 - Level 3.0 Throwing
 - Level 0.8 Armour
 - Level 1.7 Dodging
 - Level 3.0 Unarmed Combat
 - Level 1.7 Spellcasting
 - Level 2.6 Translocations
 * Level 4.6 Invocations
 + Level 1.9 Evocations


You had 8 spell levels left.
You knew the following spells:

 Your Spells              Type           Power      Damage    Failure   Level
a - Blink                 Tloc           16%        N/A       22%         2

Your spell library contained the following spells:

 Spells                   Type           Power      Damage    Failure   Level
 Apportation              Tloc           16%        N/A       16%         1
 Necrotise                Necr           4%         1d4       41%         1
 Shock                    Conj/Air       4%         1d3       41%         1
 Summon Small Mammal      Summ           4%         N/A       41%         1
 Gell's Gravitas          Tloc           8%         N/A       41%         3
 Lesser Beckoning         Tloc           8%         N/A       41%         3
 Teleport Other           Tloc           8%         N/A       41%         3
 Ensorcelled Hibernation  Hex/Ice        2%         N/A       56%         2
 Static Discharge         Conj/Air       1%         3-4/arc   56%         2
 Inner Flame              Hex/Fire       1%         N/A       80%         3
 Swiftness                Air            1%         N/A       80%         3
 Airstrike                Air            0%         0-2+      99%         4
 Anguish                  Hex/Necr       0%         N/A       99%         4
 Cause Fear               Hex            0%         N/A       99%         4
 Dispel Undead            Necr           1%         3d6       99%         4
 Sticky Flame             Conj/Fire      1%         2d3       99%         4
 Manifold Assault         Tloc           8%         N/A       99%         5
 Discord                  Hex            0%         N/A       100%        8
 Spider Form              Tmut/Pois      Unusable   N/A       N/A         3

Dungeon Overview and Level Annotations

Branches:
Dungeon (5/15)             Temple (0/1) D:4

Altars:
Fedhas
Nemelex Xobeh

Shops:
D:2 :


Innate Abilities, Weirdness & Mutations

You are immune to poison.
You have sharp fingernails.
Your flesh is cold resistant. (rC+)
You are immune to negative energy. (rN+++)
You do not regenerate when monsters are visible.
You are immune to unholy pain and torment.
You thrive by killing the living.


Message History

You scratch the killer bee but do no damage.
The killer bee is almost dead.
The killer bee closely misses you. x2
You scratch the killer bee.
You kill the killer bee!
You feel better.
The killer bee stings you but does no damage.
You barely miss the killer bee. The killer bee stings you.
* * * LOW HITPOINT WARNING * * *
The killer bee stings you!
* * * LOW HITPOINT WARNING * * *
The centaur shoots an arrow.
The arrow misses the hound.
The arrow hits the killer bee!
The killer bee dies!
You claw the hound!
The hound is heavily wounded.
The centaur shoots an arrow.
The arrow hits the killer bee.
The hound closely misses you.
You barely miss the hound.
The hound is heavily wounded.
The hound bites you but does no damage.
The centaur shoots an arrow.
The arrow barely misses the killer bee.
The arrow hits the hound!
You barely miss the hound.
The hound is almost dead.
The hound bites you but does no damage. The hound bites you.
* * * LOW HITPOINT WARNING * * *
You scratch the hound.
You kill the hound!
The centaur shoots an arrow.
The arrow hits the killer bee!
The killer bee barely misses you.
You barely miss the killer bee.
The killer bee is almost dead.
The centaur shoots an arrow.
The arrow hits the phantom!
The killer bee closely misses you. The killer bee stings you!
* * * LOW HITPOINT WARNING * * *
It was a potion of lignification.
You feel woody for a moment.
The killer bee stings you but does no damage.
The killer bee stings you.
You die...
Your body disappears without a glow.

##... #.# ...## #.# ##.#.#?
#.# .....#. #.##.#.....
########## #.#.....##.
#####........# #.y.###.#..
#........###>####.#.#$....$
#.###........@y.....###.#..
#.##....)..#.##cW.>.....##.##)
#.##...#.#.#.###...#.#........
#.##...#.#.#.# ##.##.....#.#..
#............# #.# ##.#.#[#.#
####.........# #^# #...###..
#.#######.# ##+## ##...... #.#
#.###...## #..#..# #.#
#.##.....## #.....#


You could see a phantom (unable to see you), a centaur (unable to see you) and a
killer bee (unable to see you).

Vanquished Creatures
  A black bear (D:4)
  3 ogres
  2 scorpions (D:5)
  A killer bee (D:5)
  A howler monkey (D:4)
  4 hounds
  2 jellies (D:5)
  2 iguanas
  2 orc wizards (D:3)
  11 adders
  5 gnolls
  An ufetubus (D:5)
  A worm (D:4)
  3 dart slugs
  7 orcs
  5 endoplasms
  6 giant cockroaches
  8 hobgoblins
  9 jackals
  6 ball pythons
  3 bats
  2 frilled lizards (D:1)
  14 goblins
  10 kobolds
  5 rats (D:1)
114 creatures vanquished.

Vanquished Creatures (others)
  A killer bee (D:5)
  An orc (D:3)
2 creatures vanquished.

Grand Total: 116 creatures vanquished

Notes
Turn   | Place    | Note
-------+----------+-------------------------------------------
     0 | D:1      | zishaf the Ghoul Warper began the quest for the Orb.
     0 | D:1      | Reached XP level 1. HP: 17/17 MP: 2/2
   141 | D:1      | Reached XP level 2. HP: 19/25 MP: 3/3
   354 | D:1      | Reached skill level 1 in Throwing
   539 | D:1      | Reached skill level 3 in Fighting
   539 | D:1      | Reached XP level 3. HP: 31/31 MP: 4/4
  1118 | D:2      | Found Dugy's Vocational Training.
  1137 | D:2      | Reached XP level 4. HP: 38/38 MP: 5/5
  1521 | D:2      | Reached skill level 4 in Fighting
  1794 | D:2      | Reached XP level 5. HP: 18/46 MP: 6/6
  2577 | D:3      | Learned a level 2 spell: Blink
  2689 | D:3      | Found a faded altar of an unknown god.
  2772 | D:3      | Reached skill level 5 in Fighting
  2772 | D:3      | Reached XP level 6. HP: 16/56 MP: 7/7
  3553 | D:4      | Found a blossoming altar of Fedhas.
  3611 | D:4      | Reached skill level 6 in Fighting
  3836 | D:4      | Noticed a black bear
  3848 | D:4      | Killed a black bear
  3849 | D:4      | Reached skill level 7 in Fighting
  3849 | D:4      | Reached XP level 7. HP: 46/66 MP: 8/8
  3974 | D:4      | Found a sparkling altar of Nemelex Xobeh.
  3979 | D:4      | Became a worshipper of Nemelex Xobeh the Trickster
  4154 | D:4      | Found a staircase to the Ecumenical Temple.
  4298 | D:4      | Reached skill level 1 in Invocations
  4600 | D:5      | Entered Level 5 of the Dungeon
  5120 | D:5      | Reached skill level 1 in Evocations
  5201 | D:5      | Reached XP level 8. HP: 68/74 MP: 9/9
  5376 | D:5      | Reached * piety under Nemelex Xobeh
  5461 | D:5      | HP: 1/74 [killer bee (8)]
  5462 | D:5      | Slain by a killer bee

Illustrated notes

Levels and vault maps discovered:
D:1:      wander_arrival_chamber, layout_basic
D:2:      layout_rooms, minivault_26, nicolae_shop_vocational
D:3:      layout_basic, old_standard_altar, ebering_ecumenical_altar_hall,
          palyth_stone_intersect
D:4:      kennysheep_goblin_castle, layout_rooms,
          mainiacjoe_overflow_cross_hatched, nemelex_spade_bored_becter,
          minmay_temple_entry_statues_pillars
D:5:      minmay_inner_zag, layout_loops_corners, minmay_fractal_squares_5

Skill      XL: |  1  2  3  4  5  6  7  8 |
---------------+-------------------------+-----
Throwing       | 1 2 3 |  3.0
Fighting       | 3 4 5 7 |  7.9
Unarmed Combat | 3 |  3.0
Invocations    | 3 4 |  4.6
Evocations     | 1 |  1.9
Armour         | |  0.8
Dodging        | |  1.7
Spellcasting   | |  1.7
Translocations | |  2.6

Action                   |  1- 3 |  4- 6 |  7- 9 || total
-------------------------+-------+-------+-------++-------
Melee: Unarmed           |   134 |   263 |   150 ||   547
       Punch             |     5 |     5 |     2 ||    12
Throw: Javelin           |       |     4 |       ||     4
       Dart              |       |     5 |     5 ||    10
  Use: Scroll            |       |     8 |     2 ||    10
       Potion            |       |       |     2 ||     2
Armor: Leather armour    |    43 |    10 |       ||    53
       Ring mail         |       |    86 |    65 ||   151
Dodge: Dodged            |    71 |   127 |    88 ||   286

Table legend: (Time is in decaauts)
 A = Elapsed time spent in this place.
 B = Non-inter-level travel time spent in this place.
 C = Inter-level travel time spent in this place.
 D = Time resting spent in this place.
 E = Time spent auto-exploring this place.
 F = Levels seen in this place.
 G = Mean time per level.
                   A        B        C        D        E       F      G
               +--------+--------+--------+--------+--------+-----+--------+
         Total |   5434 |   5227 |    207 |    660 |   3484 |   5 | 1086.8 |
       Dungeon |   5434 |   5227 |    207 |    660 |   3484 |   5 | 1086.8 |
               +--------+--------+--------+--------+--------+-----+--------+

Top non-repeatable levels by time:
     D:3: 1327 daAuts
     D:4: 1184 daAuts
     D:1: 1044 daAuts
     D:2: 1021 daAuts
     D:5: 856 daAuts
